 Dungeon Crawl Stone Soup version 0.27.1-4-g1640c2035a (webtiles) character file.

Game seed: 11913284050789769327

75 bellerephron the Skirmisher (level 4, -1/35 HPs)
             Began as a Demonspawn Fighter on Nov 9, 2021.
             Was an Initiate of Gozag.
             Slain by an orc (4 damage)
             ... on level 3 of the Dungeon.
             The game lasted 00:02:38 (1382 turns).

bellerephron the Skirmisher (Demonspawn Fighter)    Turns: 1382, Time: 00:02:39

Health: -1/35      AC:  9    Str: 18    XL:     4   Next: 11%
Magic:  4/4        EV:  7    Int:  9    God:    Gozag
Gold:   214        SH:  9    Dex: 12    Spells: 3/3 levels left

rFire    . . .     SeeInvis .   a - +0 war axe
rCold    . . .     Faith    .   c - +0 kite shield
rNeg     . . .     Spirit   .   b - +0 scale mail
rPois    .         Reflect  .   (no helmet)
rElec    .         Harm     .   (no cloak)
rCorr    .         Rampage  .   (no gloves)
Will     .....                  h - +0 pair of boots
Stlth    ..........             (no amulet)
HPRegen  0.11/turn              (no ring)
MPRegen  0.09/turn              (no ring)

@: gold aura
A: molten scales 1
a: Renounce Religion, Potion Petition, Call Merchant, Bribe Branch


You were on level 3 of the Dungeon.
You worshipped Gozag.
Gozag was aware of your devotion.
You visited 1 branch of the dungeon, and saw 3 of its levels.

You collected 214 gold pieces.

Inventory:

Hand Weapons
 a - a +0 war axe (weapon)
Missiles
 e - 35 stones (quivered)
Armour
 b - a +0 scale mail (worn)
 c - a +0 kite shield (worn)
 h - a +0 pair of boots (worn)
Scrolls
 g - a scroll of summoning {unknown}
 i - 2 scrolls of identify {unknown}
 j - a scroll of amnesia {unknown}
Potions
 d - a potion of might
 f - a potion of brilliance {unknown}


   Skills:
 * Level 3.4 Fighting
 * Level 3.1 Axes
 + Level 2.7 Armour
 + Level 0.1 Dodging
 * Level 3.2 Shields


You had 3 spell levels left.
You didn't know any spells.
Your spell library was empty.

Dungeon Overview and Level Annotations

Branches:
Dungeon (3/15)

Altars:
Gozag


Innate Abilities, Weirdness & Mutations

You are partially covered in molten scales. (AC +2)


Message History

The orc barely misses you.
The rat is distracted by your dazzling golden aura. x2
Unknown command.
Your shield and scale mail prevent you from hitting the orc.
You closely miss the rat.
The rat is no longer distracted by gold.
Your shield and scale mail prevent you from hitting the rat.
The rat is no longer distracted by gold.
You block the orc's attack. The orc barely misses you.
The rat bites you but does no damage.
The rat twitches its whiskers.
You block the rat's attack.
The orc hits you with a +2 short sword of speed.
The orc hits you but does no damage. x2; The rat bites you.
The rat barely misses you.
You closely miss the orc. You closely miss the rat. x2
The orc is distracted by your dazzling golden aura.
The rat is distracted by your dazzling golden aura.
The orc hits you but does no damage. You block the rat's attack.
The rat bites you but does no damage.
The orc shouts!
Unknown command.
Unknown command.
You closely miss the orc.
The orc is no longer distracted by gold.
You hit the rat but do no damage. You closely miss the rat.
The orc barely misses you. You block the rat's attack. The rat bites you.
The orc hits you with a +2 short sword of speed.
The orc hits you from afar with a +0 trident!
The rat bites you but does no damage. x2
You closely miss the orc. You hit the rat.
You kill the rat!
You hit the rat but do no damage.
The orc hits you with a +2 short sword of speed.
* * * LOW HITPOINT WARNING * * *
The orc hits you from afar with a +0 trident!
* * * LOW HITPOINT WARNING * * *
The orc hits you with a +2 short sword of speed.
You die...
Your body crumbles into a pile of gold.

##
#..####r####
#..o@r.r...#
#..o#r#####.#
#... #J. ....
.... ...
###.. .# .##
$ .# .


You could see 2 orcs, an endoplasm and 4 rats.

Vanquished Creatures
  2 adders (D:2)
  A worm (D:2)
  2 dart slugs
  An orc (D:3)
  2 bats (D:1)
  3 endoplasms
  2 giant cockroaches (D:1)
  5 goblins
  6 hobgoblins
  3 jackals (D:3)
  A kobold (D:1)
  A quokka (D:1)
  5 ball pythons
  8 frilled lizards (D:2)
  6 rats
48 creatures vanquished.

Vanquished Creatures (others)
  7 plants (D:2)
7 creatures vanquished.

Grand Total: 55 creatures vanquished

Notes
Turn   | Place    | Note
-------+----------+-------------------------------------------
     0 | D:1      | bellerephron the Demonspawn Fighter began the quest for the
                  | Orb.
     0 | D:1      | Reached XP level 1. HP: 18/18 MP: 1/1
    72 | D:1      | Gained mutation: You are partially covered in molten
                  | scales. (AC +2) [demonic ancestry]
    72 | D:1      | Reached XP level 2. HP: 16/24 MP: 2/2
   320 | D:1      | Found a faded altar of an unknown god.
   398 | D:1      | Became a worshipper of Gozag Ym Sagoz the Greedy
   614 | D:1      | Reached XP level 3. HP: 27/29 MP: 3/3
  1278 | D:2      | Reached XP level 4. HP: 32/35 MP: 4/4
  1382 | D:3      | Slain by an orc

Illustrated notes

Levels and vault maps discovered:
D:1:      dpeg_arrival_signposts, layout_rooms,
          hellmonk_ecumenical_altar_pennies_from_heaven
D:2:      layout_rooms, minmay_lizard_king
D:3:      layout_loops_ring, tgw_sif, chequers_serial_rivers_marsh,
          minmay_rat_hole, uniq_robin, uniq_sigmund

Skill      XL: |  1  2  3 |
---------------+----------+-----
Shields        | 3 |  3.2
Axes           | 2 3 |  3.1
Fighting       | |  3.4
Armour         | |  2.7
Dodging        | |  0.1

Action                   |  1- 3 |  4- 6 || total
-------------------------+-------+-------++-------
Melee: War axe           |   107 |    11 ||   118
Armor: Scale mail        |    63 |    10 ||    73
Dodge: Dodged            |    49 |     8 ||    57
Block: Kite shield       |    53 |    11 ||    64
